 Dungeon Crawl Stone Soup version 0.30.1-1-g62c8e00024 (webtiles) character file.

Game seed: 2980454335971218396

1617 Descartes the Geomancer (level 8, -1/48 HPs)
             Began as a Gargoyle Earth Elementalist on July 14, 2023.
             Was an Initiate of Gozag.
             Slain by Nicoed's ghost (9 damage)
             ... on level 6 of the Dungeon.
             The game lasted 00:10:49 (5900 turns).

Descartes the Geomancer (GrEE)                      Turns: 5900, Time: 00:10:49

Health: -1/48      AC: 33    Str: 20    XL:     8   Next: 96%
Magic:  14/14      EV:  9    Int: 16    God:    Gozag
Gold:   537        SH:  0    Dex: 10    Spells: 15/16 levels left

rFire   + . .        m - +1 short sword (drain)
rCold   + . .        (no shield)
rNeg    + . .        e - +18 Lear's hauberk
rPois   ∞            (helmet currently unavailable)
rElec   +            p - scarf {repulsion}
rCorr   .            (gloves currently unavailable)
SInv    .            (boots currently unavailable)
Will    .....        s - amulet of magic regeneration
Stlth   x              - +6 ring of strength
HPRegen 0.28/turn    z - ring of Plog {rF+ rC+}
MPRegen 0.54/turn

%: repel missiles
@: no status effects
A: sickness immunity, AC +5, negative energy resistance 1, electricity
resistance, torment resistance 1, petrification resistance
a: Renounce Religion, Potion Petition, Call Merchant, Bribe Branch


You were on level 6 of the Dungeon.
You worshipped Gozag.
Gozag was pleased with you.
You visited 2 branches of the dungeon, and saw 7 of its levels.

You collected 610 gold pieces.
You paid 73 gold pieces to Gozag.

Inventory:

Hand Weapons
 a - a +0 scythe of holy wrath
 m - a +1 short sword of draining (weapon)
Missiles
 h - 21 poisoned darts
 u - a curare-tipped dart
Armour
 e - the +18 Lear's hauberk (worn)
   (You found it on level 2 of the Dungeon)
 j - a +0 ring mail
 k - a +1 helmet
 p - a scarf of repulsion (worn)
Magical Staves
 w - a staff of death
Jewellery
 c - a ring of flight
 s - an amulet of magic regeneration (around neck)
 v - a ring of positive energy
 x - a +6 ring of strength (left hand)
 z - the ring of Plog (right hand) {rF+ rC+}
   (You found it on level 5 of the Dungeon)

   [ring of protection from cold]

   rF:        It protects you from fire.
   rC:        It protects you from cold.
 E - an amulet of the acrobat
Wands
 o - a wand of mindburst (16)
Scrolls
 d - 3 scrolls of teleportation {unknown}
 f - a scroll of fear {unknown}
 l - a scroll of identify {unknown}
 n - a scroll of enchant weapon {unknown}
 r - a scroll of poison {unknown}
 t - 3 scrolls of blinking {unknown}
 y - a scroll of fog {unknown}
 B - a scroll of enchant armour {unknown}
Potions
 b - a potion of magic
 g - a potion of berserk rage {unknown}
 i - a potion of attraction
 q - a potion of lignification {unknown}
 A - a potion of flight {unknown}
 C - a potion of degeneration {unknown}
 D - a potion of ambrosia


   Skills:
 + Level 4.5 Fighting
 + Level 4.6 Armour
 + Level 4.0 Dodging
 - Level 2.1 Stealth
 + Level 4.5 Spellcasting
 - Level 0.7 Transmutations
 * Level 8.5 Earth Magic


You had 15 spell levels left.
You knew the following spells:

 Your Spells              Type           Power      Damage    Failure   Level
a - Sandblast             Erth           60%        2d14      3%          1

Your spell library contained the following spells:

 Spells                   Type           Power      Damage    Failure   Level
 Passwall                 Tmut/Erth      15%        N/A       26%         2
 Stone Arrow              Conj/Erth      34%        3d9       52%         3
 Kiss of Death            Conj/Necr      12%        2d6       75%         1
 Petrify                  Tmut/Erth      18%        N/A       87%         4
 Confusing Touch          Hex            3%         N/A       98%         3
 Dispel Undead            Necr           3%         3d7       100%        4
 Chain Lightning          Conj/Air       1%         3d2       100%        9
 Fire Storm               Conj/Fire      1%         8d1       100%        9
 Shatter                  Erth           15%        3d15*     100%        9


Dungeon Overview and Level Annotations

Branches:
Dungeon (6/15)             Temple (1/1) D:4

Altars:
Ashenzari
Cheibriados
Dithmenos
Elyvilon
Fedhas
Gozag
Hepliaklqana
Kikubaaqudgha
Makhleb
Nemelex Xobeh
Okawaru
Qazlal
Ru
Sif Muna
Uskayaw
Vehumet
Wu Jian
Xom
Yredelemnul
Zin
The Shining One

Shops:
D:3 =

Annotations:
D:6 1 runed translucent door, Nicoed's ghost, novice MiFi


Innate Abilities, Weirdness & Mutations

You are immune to sickness and miasma.
Your stone body is resilient. (AC +5)
You are immune to poison.
You resist negative energy. (rN+)
You are resistant to electric shocks. (rElec)
You are resistant to unholy torment.
You are immune to petrification.


Message History

Nicoed's ghost is lightly damaged.
You feel less invigorated.
You feel less confused.
Nicoed's ghost hits you but does no damage.
You hit Nicoed's ghost but do no damage.
Nicoed's ghost is lightly damaged.
Nicoed's ghost hits you!
You hit Nicoed's ghost but do no damage.
Nicoed's ghost is lightly damaged.
Nicoed's ghost hits you!
You hit Nicoed's ghost but do no damage.
Nicoed's ghost is lightly damaged.
Nicoed's ghost hits you but does no damage.
You hit Nicoed's ghost.
Nicoed's ghost is lightly damaged.
Nicoed's ghost hits you!
You hit Nicoed's ghost but do no damage.
Your punch misses Nicoed's ghost.
Nicoed's ghost is lightly damaged.
Nicoed's ghost hits you but does no damage.
You hit Nicoed's ghost.
Nicoed's ghost is lightly damaged.
Nicoed's ghost barely misses you.
You hit Nicoed's ghost.
Nicoed's ghost is lightly damaged.
Nicoed's ghost hits you but does no damage.
You completely miss Nicoed's ghost.
Nicoed's ghost is lightly damaged.
Nicoed's ghost hits you.
* * * LOW HITPOINT WARNING * * *
You barely miss Nicoed's ghost.
Nicoed's ghost is lightly damaged.
Nicoed's ghost hits you.
* * * LOW HITPOINT WARNING * * *
You feel less attractive to monsters.
You barely miss Nicoed's ghost.
Nicoed's ghost is lightly damaged.
Nicoed's ghost hits you!
You die...
Your body crumbles into a pile of gold.

).......#~)~#...)#....##...##.#..
........#~~~#....#..#.#.....#.#.#
.[......#~~~#.>..#.).............
###....##~~~#.^###.##.#.....#.#..
#....##~~~#......##.##...##.#..
###....###'###.#####..#######..##
.......#.....#...# #............#
.......#.#...###.# #.#.#.....#..#
.......# ##..$wW@# #.#.#.###.#..#
.......# #.########.#.#.# #.#..#
.<.....# #.# #......#.#.# #.#..#
.......# #.# #......#.#.# #.#..#
#####+## #.# #......#.#.. #....#
#......# ..# #......#.### ####.#
###.#..########......#.
#.#...............<..#
#.#.#########.....####


You could see a worm and Nicoed's ghost.

Vanquished Creatures
  The ghost of GeoRichter the Transmogrifier, a novice DrTm of Jiyva (D:5)
  Sigmund (D:2)
  A steam dragon (D:6)
  A black bear (D:5)
  2 ogres
  A kobold brigand (D:4)
  3 bullfrogs (D:6)
  Blork the orc (D:6)
  A scorpion (D:4)
  3 hounds
  Jessica (D:2)
  4 iguanas
  Terence (D:1)
  2 orc wizards
  4 adders
  An ufetubus (D:5)
  3 worms
  2 dart slugs
  11 orcs
  6 ball pythons
  3 endoplasms
  2 giant cockroaches
  7 goblins
  12 hobgoblins
  12 kobolds
  4 quokkas
  7 bats
  3 frilled lizards
  9 rats
109 creatures vanquished.

Notes
Turn   | Place    | Note
-------+----------+-------------------------------------------
     0 | D:1      | Descartes the Gargoyle Earth Elementalist began the quest
                  | for the Orb.
     0 | D:1      | Reached XP level 1. HP: 10/10 MP: 3/3
   132 | D:1      | Reached XP level 2. HP: 16/16 MP: 3/5
   970 | D:2      | Reached skill level 1 in Armour
  1065 | D:2      | Reached XP level 3. HP: 20/20 MP: 4/6
  1118 | D:2      | Reached skill level 1 in Fighting
  1186 | D:2      | Reached skill level 4 in Earth Magic
  1235 | D:2      | Noticed Jessica
  1238 | D:2      | Noticed Terence
  1277 | D:1      | Killed Terence
  1341 | D:2      | Killed Jessica
  1342 | D:2      | Reached XP level 4. HP: 25/25 MP: 4/7
  1396 | D:2      | Found the +18 Lear's hauberk
  1421 | D:2      | Noticed Sigmund
  1438 | D:2      | Killed Sigmund
  1439 | D:2      | Reached skill level 5 in Earth Magic
  1439 | D:2      | Reached XP level 5. HP: 20/30 MP: 7/9
  1439 | D:2      | Reached XP level 6. HP: 24/35 MP: 7/10
  1829 | D:2      | Found a shimmering altar of Xom.
  2046 | D:3      | Found Imoseg's Jewellery Emporium.
  3223 | D:4      | Reached skill level 6 in Earth Magic
  3252 | D:4      | Reached XP level 7. HP: 39/40 MP: 11/11
  3780 | D:4      | Found a staircase to the Ecumenical Temple.
  3817 | Temple   | Entered the Ecumenical Temple
  3837 | Temple   | Became a worshipper of Gozag Ym Sagoz the Greedy
  4195 | D:5      | Entered Level 5 of the Dungeon
  4317 | D:5      | Identified the ring of Plog {rF+ rC+}
  4591 | D:5      | Reached skill level 7 in Earth Magic
  4614 | D:5      | Found a large runed translucent door.
  4614 | D:5      | Found a large runed translucent door.
  4615 | D:5      | Noticed GeoRichter's ghost (novice DrTm)
  4849 | D:5      | Reached XP level 8. HP: 46/46 MP: 13/13
  5165 | D:5      | Killed GeoRichter's ghost
  5405 | D:6      | Noticed Blork the orc
  5434 | D:6      | Killed Blork the orc
  5435 | D:6      | Reached skill level 8 in Earth Magic
  5746 | D:6      | Found a blossoming altar of Fedhas.
  5783 | D:6      | Found a runed translucent door.
  5788 | D:6      | Noticed Nicoed's ghost (novice MiFi)
  5816 | D:6      | Found a runed translucent door.
  5900 | D:6      | Slain by Nicoed's ghost

Illustrated notes

Levels and vault maps discovered:
D:1:      dpeg_arrival_ratfight, layout_loops_cross, minmay_octomino_j4
D:2:      layout_basic, basic_altar, uniq_jessica, uniq_terence, uniq_sigmund
D:3:      layout_basic, serial_shops, shop
D:4:      corexii_shack_village, layout_basic,
          minmay_temple_entry_enclosed_plants, grunt_decor_arrowhead,
          moated_statue
D:5:      layout_loops_ring, ebering_ghost_disaster_area,
          minmay_gold_behind_fungi
D:6:      layout_basic, fedhas_altar_1, ebering_ghost_sewer_f,
          minmay_misc_feat_enclosed, uniq_blork_the_orc
Temple:   nicolae_temple_slightly_damp_pantheon

Skill      XL: |  1  2  3  4  5  6  7  8 |
---------------+-------------------------+-----
Armour         | 1 2 3 4 |  4.6
Fighting       | 1 2 3 4 |  4.5
Earth Magic    | 4 5 6 7 8 |  8.5
Dodging        | 2 3 4 |  4.0
Spellcasting   | 3 4 |  4.5
Stealth        | |  2.1
Transmutations | |  0.7

Action                     |  1- 3 |  4- 6 |  7- 9 || total
---------------------------+-------+-------+-------++-------
  Melee: Short sword       |     8 |   176 |   437 ||   621
         Punch             |     1 |     1 |     3 ||     5
   Cast: Sandblast         |    43 |     4 |     2 ||    49
    Use: Potion            |     2 |       |     2 ||     4
 Armour: Ring mail         |    10 |    13 |       ||    23
         Robe              |     1 |       |       ||     1
         Chain mail        |       |    88 |   318 ||   406
  Dodge: Dodged            |    17 |    55 |   161 ||   233
         Repelled          |       |       |     4 ||     4
